Unix NetHack Version 5.0.0-0 post-release - last build May 31 2026 23:59:36 (970b52f25bf058293b47ddfd14a1e40e571c508c,branch:main).

Game began 2026-06-07 21:08:11, ended 2026-06-09 18:28:34.

Eymerich, chaotic male elven Priest

                                                   ----------
                                                   ........<|
                                                   |.........#        --------
                                                   --------+-#        |..^...|
                                                            ##########-......|
                                                              #      #|.d....|
                                                                      --o-----
                                                                        @
                                                                        o

Eymerich the Acolyte         St:12 Dx:13 Co:11 In:14 Wi:17 Ch:12  Chaotic
Dlvl:6  $:236 HP:0(35) Pw:64(64) AC:7  Xp:5 T:3821  Burdened

Latest messages:
 You have a little trouble lifting q - a rock.
 You stop.  Pinky doesn't want to swap places.
 You see here a scroll labeled READ ME.
 You have a little trouble lifting u - a scroll labeled READ ME.
 You swap places with Pinky.
 You have a little trouble lifting v - 3 blessed darts (at the ready).
 x - a blessed crude dagger.
 F - a crude dagger.
 g - an elven dagger.
 In what direction?
 The dart hits the floating eye.
 In what direction?
 You kill the floating eye!
 You see here 2 blessed darts.
 You have a little trouble lifting v - 2 blessed darts (at the ready) (3 in total).
 You hit the kobold lord.
 The kobold lord hits!
 Pinky misses the kobold lord.
 Pinky bites the kobold lord.
 The kobold lord misses Pinky.
 You miss the kobold lord.
 Pinky bites the kobold lord.
 The kobold lord hits!
 You miss the kobold lord.
 Pinky misses the kobold lord.
 The kobold lord hits!
 You miss the kobold lord.
 Pinky bites the kobold lord.
 The kobold lord is killed!
 Pinky grows up into a large dog.
 Pinky eats a tripe ration.
 Pinky bites the giant bat.
 You stop.  Pinky is in the way!
 You stop.  Pinky is in the way!
 You swap places with Pinky.
 Pinky misses the hill orc.
 You hit the hill orc!
 Pinky misses it.
 The hill orc hits!
 Pinky misses it.
 The hill orc hits!
 You hit the hill orc!
 Pinky bites the hill orc.
 The hill orc thrusts her crude dagger at Pinky.
 The hill orc misses Pinky.
 The hill orc thrusts her crude dagger.
 The hill orc hits!
 The hill orc hits!
 You die...
 Do you want your possessions identified? [ynq] (y)

Inventory:
 Coins    ('$')
  $ - 236 gold pieces
 Weapons  (')')
  r - a +0 sling
  v - 3 blessed +3 darts (at the ready)
  g - a +0 elven dagger
  x - a blessed +2 orcish dagger
  F - a +0 orcish dagger
  a - a blessed +1 mace (weapon in right hand)
  z - a +0 silver saber (alternate weapon; not wielded)
 Armor    ('[')
  y - a +0 orcish helm (being worn)
  b - a blessed +0 robe (being worn)
 Comestibles  ('%')
  Z - 2 carrots
  j - 2 cloves of garlic
  n - 2 food rations
  A - 4 fortune cookies
  l - 2 lembas wafers
  M - 2 pancakes
  f - a sprig of wolfsbane
  E - a tripe ration
  k - 2 lichen corpses
 Scrolls  ('?')
  u - a scroll of create monster
 Potions  ('!')
  o - a potion of enlightenment
  t - a potion of healing
  B - a blessed potion of object detection
  d - 4 potions of holy water
 Rings    ('=')
  Q - a ring of shock resistance
  C - a ring of slow digestion
 Wands    ('/')
  w - a wand of stasis (0:5)
 Tools    ('(')
  i - a wooden harp
  s - a beartrap
  G - a mirror
  R - a stethoscope
 Gems/Stones  ('*')
  p - a worthless piece of orange glass named soft
  m - a worthless piece of red glass named soft
  D - a worthless piece of violet glass named soft
  q - a rock

Eymerich the Priest's attributes:

Background:
 You were an Acolyte, a level 5 elven Priest.
 You were chaotic, on a mission for Susanowo
 who was opposed by Amaterasu Omikami (lawful) and Raijin (neutral).
 You were right-handed.
 You were in the Dungeons of Doom, on level 6.
 You entered the dungeon 3821 turns ago.
 You had 183 experience points, 137 more were needed to attain level 6.

Basics:
 You had 0 out of 35 hit points.
 You had all 64 energy points (spell power).
 Your armor class was 7.
 Your wallet contained 236 zorkmids.
 Autopickup was off.

Final Characteristics:
 Your strength was 12 (limit:18).
 Your dexterity was 13 (limit:18).
 Your constitution was 11 (limit:16).
 Your intelligence was 14 (limit:20).
 Your wisdom was 17 (limit:20).
 Your charisma was 12 (limit:18).

Final Status:
 You weren't hungry.
 You were burdened; movement was slightly slowed.
 You were wielding a mace.
 You had basic skill with mace.

Final Attributes:
 You were piously aligned.
 You were sleep resistant.
 You had infravision.
 You were guarded.
 Your spell casting was enhanced by wearing a robe.
 You are dead.

Miscellaneous:
 You didn't encounter any bones levels.
 Total elapsed playing time was 1 hour, 13 minutes and 38 seconds.

Major events:
 Turn
    1: Eymerich the chaotic elven Priest entered the dungeon
  720: attained the rank of Acolyte (level 3)
 3821: killed by a hill orc

Spells:
 Name                 Level Category     Fail Retention
 light                  1   clerical       0%   81%-90%
 detect unseen          3   divination    87%  76%-100%
 confuse monster        1   enchantment    0%  76%-100%

Skills:
 Fighting Skills
   bare handed combat [Unskilled]
 Weapon Skills
   club               [Unskilled]
   mace               [Basic]
   morning star       [Unskilled]
   flail              [Unskilled]
   hammer             [Unskilled]
   quarterstaff       [Unskilled]
   polearms           [Unskilled]
   spear              [Unskilled]
   trident            [Unskilled]
   lance              [Unskilled]
   bow                [Unskilled]
   sling              [Unskilled]
   crossbow           [Unskilled]
   dart               [Unskilled]
   shuriken           [Unskilled]
   boomerang          [Unskilled]
   unicorn horn       [Unskilled]
 Spellcasting Skills
   healing spells     [Unskilled]
   divination spells  [Unskilled]
   clerical spells    [Basic]

Voluntary challenges:
 Character rerolling was not enabled.
 You never genocided any monsters.
 You never polymorphed an object.
 You never changed form.
 You used no wishes.
Achievements:
 You attained the rank of Acolyte.
 You entered a shop.

 The Dungeons of Doom: levels 1 to 6
    Level 1:
       Some fountains.
    Level 2: "chest 6 items, 3 x locked box"
       Many fountains.
    Level 3:
    Level 4:
       A general store.
    Level 5:
       A fountain, a sink.
    Level 6: <- You were here.
       Final resting place for
          you, killed by a hill orc.


Vanquished creatures:
  a leprechaun
  a wood nymph
  a gray ooze
  a straw golem
  2 floating eyes
  a kobold leader
  a rothe
  a rabid rat
  a monkey
  a wererat
  2 iguanas
  6 coyotes
  3 hobbits
  a large kobold
  3 giant rats
  a brown mold
  2 yellow molds
  a green mold
  a red mold
  2 garter snakes
  a gecko
  8 jackals
  a fox
  a kobold
  5 goblins
  7 sewer rats
  7 grid bugs
  3 bats
  6 lichens
  7 newts
79 creatures vanquished.

No species were genocided or became extinct.

Game over:
                       ----------
                      /          \
                     /    REST    \
                    /      IN      \
                   /     PEACE      \
                  /                  \
                  |     Eymerich     |
                  |      236 Au      |
                  | killed by a hill |
                  |       orc        |
                  |                  |
                  |                  |
                  |       2026       |
                 *|     *  *  *      | *
        _________)/\\_//(\/(/\)/\//\/|_)_______

Goodbye Eymerich the Priest...

You died in The Dungeons of Doom on dungeon level 6 with 1195 points,
and 236 pieces of gold, after 3821 moves.
You were level 5 with a maximum of 35 hit points when you died.

